 Dungeon Crawl Stone Soup version 0.31-a0-210-gccc998df9b (webtiles) character file.

Game seed: 3300055573203811594

186 qw the Shooter (level 5, -3/31 HPs)
             Began as a Gargoyle Hexslinger on June 30, 2023.
             Slain by Sigmund
             ... wielding a +0 scythe
              (13 damage)
             ... on level 4 of the Dungeon.
             The game lasted 00:01:14 (2984 turns).

qw the Shooter (Gargoyle Hexslinger)                Turns: 2984, Time: 00:01:14

Health: -3/31      AC:  0    Str: 12    XL:     5   Next: 65%
Magic:  6/6        EV: 19    Int: 13    God:
Gold:   156        SH:  0    Dex: 19    Spells: 5/6 levels left

rFire   . . .        Y - melded +2 sling
rCold   . . .        (shield currently unavailable)
rNeg    + . .        l - melded +0 ring mail
rPois   inf          j - melded +0 helmet
rElec   .            (cloak currently unavailable)
rCorr   .            (gloves currently unavailable)
SInv    .            (boots currently unavailable)
Will    .....        (no amulet)
Stlth   ++           e - melded +5 ring of evasion
HPRegen 0.25/turn    (ring currently unavailable)
MPRegen 0.10/turn

%: no passive effects
@: bat-form, flying, very quick
A: fast, flying, no casting, sickness immunity, AC +4, tiny, negative energy
resistance 1, (electricity resistance), torment resistance 1, petrification
resistance
a: no special abilities


You were on level 4 of the Dungeon.
You were a bat.
You visited 1 branch of the dungeon, and saw 4 of its levels.

You collected 156 gold pieces.


Innate Abilities, Weirdness & Mutations

You are a bat.
You are tiny and dextrous.
You move quickly.
You are flying.
Your equipment is almost entirely melded.
You are incapable of wielding weapons or throwing items.
You cannot cast spells.
You are immune to sickness and miasma.
((Your stone body is resilient. (AC +4)))
You are immune to poison.
You resist negative energy. (rN+)
((You are resistant to electric shocks. (rElec)))
You are resistant to unholy torment.
You are immune to petrification.


   Skills:
 + Level 2.3 Fighting
 - Level 5.0 Ranged Weapons
 - Level 1.3 Armour
 - Level 1.5 Dodging
 - Level 1.0 Spellcasting
 - Level 2.6 Hexes


You had 5 spell levels left.
You knew the following spells:

 Your Spells              Type           Power      Damage    Failure   Level
a - Slow                  Hex            28%        N/A       10%         1

Your spell library contained the following spells:

 Spells                   Type           Power      Damage    Failure   Level
 Inner Flame              Hex/Fire       4%         N/A       43%         3
 Portal Projectile        Hex/Tloc       8%         N/A       43%         3
 Cause Fear               Hex            3%         N/A       67%         4

Inventory:

Hand Weapons
 Y - a +2 sling (melded)
Armour
 j - a +0 helmet (melded)
 l - a +0 ring mail (melded)
Jewellery
 e - a +5 ring of evasion (melded)
 f - the amulet "Xudodiz" {Reflect Harm SH+5 Stlth+}
   (You acquired it on level 2 of the Dungeon)

   [amulet of reflection]

   It reflects blocked missile attacks.
   SH:        It affects your SH (+5).
   Harm:      It increases damage dealt and taken.
   Stlth:     It makes you more stealthy.
Scrolls
 g - a scroll of identify
Potions
 a - a potion of mutation
 c - a potion of enlightenment {unknown}
 d - a potion of cancellation
 h - a potion of heal wounds {unknown}
 m - a potion of haste {unknown}

Dungeon Overview and Level Annotations

Branches:
Dungeon (4/15)
 Temple: D:4-7

Altars:
Nemelex Xobeh

Annotations:
D:1 exclusion: 10 gnolls
D:4 Sigmund


Message History

You hear a zap.
You turn into a bat.
Your +2 sling melds into your body.
Your +0 helmet melds into your body.
Your +0 ring mail melds into your body.
Your +5 ring of evasion melds into your body.
There is a strange disturbance nearby!
Something hits you!
2969 ||| Stepping randomly (disturbance).
Enter note:
Enter note:
2970 ||| Stepping randomly (disturbance).
Enter note:
Enter note:
There is a strange disturbance nearby!
2972 ||| Stepping randomly (disturbance).
Something hits you.
Enter note:
Enter note:
2973 ||| Stepping randomly (disturbance).
You start resting.
Something closely misses you.
A magic dart appears from out of thin air!
The magic dart hits you!
There is a strange disturbance nearby!
Something barely misses you.
2977 ||| Stepping randomly (disturbance).
Enter note:
Enter note:
2978 ||| Stepping randomly (disturbance).
Enter note:
Enter note:
There is a strange disturbance nearby!
2980 ||| Stepping randomly (disturbance).
Something barely misses you.
2981 ||| Stepping randomly (disturbance).
2982 ||| Stepping randomly (disturbance).
Something hits you.
There is a strange disturbance nearby!
2984 ||| Stepping randomly (disturbance).
Something hits you!
You die...

#...........##............
.#...........#)..!.....##..
................##.....##..
...............#.#.....#...
#.....................##...
..................#.##....
#.##......<........>.#.....
.......!.{.###.............
#........b.#..........
##..##....###.......
#.....#..# .......
..........# .....
#..##......# #.. ###......
... #...$.#. .. #.....# #
#.....#


There were no monsters in sight!

Vanquished Creatures
  A scorpion (D:3)
  3 adders
  2 gnolls
  3 worms
  3 dart slugs
  2 orcs
  4 ball pythons
  3 endoplasms
  4 giant cockroaches
  6 hobgoblins
  A jackal (D:2)
  2 quokkas
  9 bats
  6 frilled lizards
  6 goblins
  8 kobolds
  4 rats
67 creatures vanquished.

Notes
Turn   | Place    | Note
-------+----------+-------------------------------------------
     0 | D:1      | qw the Gargoyle Hexslinger began the quest for the Orb.
     0 | D:1      | Reached XP level 1. HP: 12/12 MP: 2/2
     0 | D:1      | 0 ||| qw: Version: 0.3-a-26-gee661ec
     0 | D:1      | 0 ||| qw: Game counter: 7206
     0 | D:1      | 0 ||| qw: Melee chars always use a shield: true
     0 | D:1      | 0 ||| qw: God list: Okawaru
     0 | D:1      | 0 ||| qw: Allow faded altars: false
     0 | D:1      | 0 ||| qw: Do Orc after clearing Dungeon:15 true
     0 | D:1      | 0 ||| qw: Do second Lair branch before Depths: true
     0 | D:1      | 0 ||| qw: Lair rune preference: random
     0 | D:1      | 0 ||| qw: Goals: Normal
     0 | D:1      | 0 ||| PLANNING D:1-11
   152 | D:1      | Reached XP level 2. HP: 16/16 MP: 3/3
   218 | D:1      | HP: 4/16 [gnoll/+0 spear (8)]
   219 | D:1      | 219 ||| UPGRADING to +5 ring of evasion.
   221 | D:1      | 221 ||| READING scroll labelled RAMOSKO YKARIPIC.
   225 | D:1      | 225 ||| READING scroll labelled UTSYGR TOPLOCO.
   235 | D:1      | Reached skill level 3 in Ranged Weapons
   296 | D:1      | Reached XP level 3. HP: 20/20 MP: 4/4
   615 | D:1      | 615 ||| UPGRADING to +0 ring mail.
   625 | D:1      | 625 ||| DROPPING +0 robe.
   626 | D:1      | 626 ||| READING scroll labelled KUOGOIZUYLO.
   630 | D:1      | 630 ||| READING scroll labelled QAHIOR UNOERR.
   631 | D:1      | 631 ||| READING scroll labelled YDEG RAUPEVI.
   632 | D:1      | 632 ||| READING 3 scrolls labelled BUSSOCRU RIAR.
   633 | D:1      | 633 ||| READING scroll labelled VUKKIM KYON.
   634 | D:1      | 634 ||| DRINKING 2 viscous pink potions.
   635 | D:1      | 635 ||| DROPPING scroll of poison.
   636 | D:1      | 636 ||| DROPPING 2 scrolls of fog.
   637 | D:1      | 637 ||| DROPPING potion of magic.
  1094 | D:2      | Reached XP level 4. HP: 26/26 MP: 5/5
  1378 | D:2      | Reached skill level 4 in Ranged Weapons
  1380 | D:2      | HP: 1/26 [gnoll/+0 halberd (9)]
  1381 | D:2      | 1381 ||| READING scroll of teleportation.
  1569 | D:2      | 1569 ||| Stepping ~*~*~tactically~*~*~ (outnumbered).
  1629 | D:2      | Reached skill level 1 in Armour
  1672 | D:2      | 1672 ||| UPGRADING to +0 helmet.
  1677 | D:2      | 1677 ||| READING scroll labelled LUINESHR RERAFAEWK.
  1778 | D:2      | 1778 ||| READING scroll labelled BOCKOZ WEODWA.
  1778 | D:2      | Identified a scroll of acquirement
  1778 | D:2      | 1778 ||| ACQUIRING amulet "Xudodiz" {Reflect Harm SH+5
                  | Stlth+}
  1778 | D:2      | Acquired the amulet "Xudodiz" {Reflect Harm SH+5 Stlth+}
  1780 | D:2      | 1780 ||| READING 3 scrolls labelled WIARAEG ERYXZO.
  1781 | D:2      | 1781 ||| DRINKING 2 blue potions.
  1885 | D:2      | 1885 ||| DROPPING potion of berserk rage.
  1886 | D:2      | 1886 ||| DROPPING 2 scrolls of immolation.
  2036 | D:3      | Noticed a scorpion
  2046 | D:3      | Killed a scorpion
  2047 | D:3      | Reached XP level 5. HP: 27/30 MP: 6/6
  2131 | D:3      | Found a faded altar of an unknown god.
  2624 | D:3      | Reached skill level 5 in Ranged Weapons
  2756 | D:3      | Found a faded altar of an unknown god.
  2762 | D:3      | Found a sparkling altar of Nemelex Xobeh.
  2828 | D:3      | 2828 ||| READING scroll labelled RASEDDUOR.
  2829 | D:3      | 2829 ||| DRINKING 2 coppery potions.
  2830 | D:3      | 2830 ||| READING 2 scrolls of identify.
  2830 | D:3      | 2830 ||| IDENTIFYING bubbling puce potion
  2907 | D:4      | 2907 ||| DRINKING 2 fuming inky potions.
  2947 | D:4      | 2947 ||| DROPPING potion of lignification.
  2956 | D:4      | 2956 ||| STAIRDANCE
  2960 | D:4      | Noticed Sigmund
  2969 | D:4      | 2969 ||| Stepping randomly (disturbance).
  2970 | D:4      | 2970 ||| Stepping randomly (disturbance).
  2972 | D:4      | 2972 ||| Stepping randomly (disturbance).
  2973 | D:4      | 2973 ||| Stepping randomly (disturbance).
  2977 | D:4      | 2977 ||| Stepping randomly (disturbance).
  2978 | D:4      | 2978 ||| Stepping randomly (disturbance).
  2980 | D:4      | 2980 ||| Stepping randomly (disturbance).
  2981 | D:4      | 2981 ||| Stepping randomly (disturbance).
  2982 | D:4      | 2982 ||| Stepping randomly (disturbance).
  2984 | D:4      | 2984 ||| Stepping randomly (disturbance).
  2984 | D:4      | Slain by Sigmund

Levels and vault maps discovered:
D:1:      saegor_arrival_simple_c, layout_basic, dreamdust_wishing_well
D:2:      minmay_razor_zed, layout_loops_ring
D:3:      layout_loops_corners, nicolae_overflow_ecumenical_swirl,
          basic_ecumenical_altar
D:4:      layout_cave_pools, mainiacjoe_overflow_surrounded_room, uniq_sigmund,
          uniq_crazy_yiuf_cottage

Skill      XL: |  1  2  3  4  5 |
---------------+----------------+-----
Ranged Weapons | 3 4 5 |  5.0
Fighting       | 2 |  2.3
Armour         | 1 |  1.3
Dodging        | |  1.5
Spellcasting   | |  1.0
Hexes          | |  2.6

Action                     |  1- 3 |  4- 6 || total
---------------------------+-------+-------++-------
   Fire: Sling             |   127 |   125 ||   252
    Use: Scroll            |     7 |     6 ||    13
         Potion            |     1 |     3 ||     4
 Armour: Robe              |     6 |       ||     6
         Ring mail         |    12 |    25 ||    37
  Dodge: Dodged            |    59 |    61 ||   120

Table legend:
 A = Non-vault XP
 B = Vault XP
 C = Vault XP percentage of total XP
 D = Non-vault monster count
 E = Vault monster count
 F = Vault count percentage of total count
                 A         B        C        D         E       F
            +---------+---------+-------+---------+---------+-------
      Total |     215 |      51 |  19.2 |      54 |      13 |  19.4
            +---------+---------+-------+---------+---------+-------
        D:1 |      47 |       0 |   0.0 |      20 |       0 |   0.0
        D:2 |      32 |      51 |  61.4 |      15 |      13 |  46.4
        D:3 |     128 |       0 |   0.0 |      17 |       0 |   0.0
        D:4 |       8 |       0 |   0.0 |       2 |       0 |   0.0
            +---------+---------+-------+---------+---------+-------
